General information
- name: 12 man ffa bring your kids
- type: Custom game
- host: Mata.
- saver: Mata.
map: DivideAndConquer
- players: 12
- length: 107:03
- speed: Fast
- version: 1.20 W3XP
- replay type:

» download(784 KB)
Players
team 1 (winner)

»
Mata. (
green | 157 APM | 16781 actions | 107:03)
10 Archmage
3 Summon Water Elemental
3 Brilliance Aura
1 Mass Teleport
3 Blizzard
10 Mountain King
3 Storm Bolt
3 Bash
1 Avatar
3 Thunder Clap
10 Paladin
3 Holy Light
3 Divine Shield
1 Resurrection
3 Devotion Aura
» actions
| Assign group hotkey | 580 | |
| Basic commands | 275 | |
| Build / train | 466 | |
| ESC pressed | 15 | |
| Enter build submenu | 91 | |
| Enter hero's abilities submenu | 31 | |
| Give item / drop item | 3 | |
| Remove unit from queue | 2 | |
| Right click | 6484 | |
| Select / deselect | 3194 | |
| Select group hotkey | 4760 | |
| Use ability | 880 | |
16781 total
» units
| Peasant | 34 | |
| Footman | 6 | |
| Dragonhawk Rider | 33 | |
| Sorceress | 8 | |
| Spell Breaker | 5 | |
| Knight | 19 | |
| Gryphon Rider | 8 | |
| Priest | 6 | |
| Flying Machine | 27 | |
| Siege Engine | 8 | |
| Mortar Team | 10 | |
| Rifleman | 2 | |
166 total
» upgrades
| Masonry | 3 | |
| Defend | 1 | |
| Storm Hammers | 1 | |
| Cloud | 1 | |
| Sorceress Training | 2 | |
| Priest Training | 2 | |
| Magic Sentry | 1 | |
| Lumber Harvesting | 2 | |
| Long Rifles | 1 | |
| Swords | 3 | |
| Armor | 3 | |
| Animal War Training | 1 | |
| Gunpowder | 3 | |
| Plating | 4 | |
| Backpack | 1 | |
| Barrage | 1 | |
| Fragmentation Shards | 1 | |
| Flak Cannons | 1 | |
| Flying Machine Bombs | 1 | |
| Flare | 1 | |
| Control Magic | 1 | |
35 total
» buildings
| Altar of Kings | 1 | |
| Farm | 8 | |
| Barracks | 2 | |
| Scout Tower | 140 | |
| Arcane Tower | 4 | |
| Lumber Mill | 4 | |
| Keep | 4 | |
| Guard Tower | 148 | |
| Arcane Vault | 2 | |
| Gryphon Aviary | 3 | |
| Arcane Sanctum | 1 | |
| Castle | 4 | |
| Town Hall | 9 | |
| Blacksmith | 2 | |
| Workshop | 2 | |
| Cannon Tower | 10 | |
344 total
» build order
00:04 Altar of Kings
00:18 Farm
00:34 Barracks
00:37 Farm
01:24 Scout Tower
01:56 Arcane Tower
01:56 Arcane Tower
02:19 Scout Tower
02:45 Farm
02:57 Lumber Mill
03:43 Keep
04:02 Guard Tower
04:02 Guard Tower
04:43 Scout Tower
04:43 Scout Tower
04:44 Scout Tower
04:54 Arcane Vault
05:30 Guard Tower
05:30 Guard Tower
05:35 Guard Tower
05:36 Guard Tower
06:02 Guard Tower
06:03 Guard Tower
06:13 Farm
06:15 Farm
06:16 Farm
06:29 Gryphon Aviary
06:31 Gryphon Aviary
06:39 Arcane Sanctum
07:17 Lumber Mill
07:19 Lumber Mill
09:54 Guard Tower
09:54 Guard Tower
09:55 Guard Tower
09:56 Guard Tower
10:05 Guard Tower
10:05 Guard Tower
11:00 Scout Tower
11:13 Scout Tower
11:29 Guard Tower
11:30 Guard Tower
11:33 Castle
11:40 Guard Tower
11:41 Guard Tower
11:59 Scout Tower
12:07 Scout Tower
12:22 Scout Tower
12:23 Scout Tower
12:23 Scout Tower
12:24 Scout Tower
12:25 Scout Tower
12:28 Guard Tower
12:28 Guard Tower
12:55 Guard Tower
12:55 Guard Tower
13:10 Guard Tower
13:10 Guard Tower
13:35 Farm
13:46 Guard Tower
13:46 Guard Tower
15:12 Guard Tower
16:32 Farm
16:54 Town Hall
17:49 Scout Tower
17:51 Scout Tower
18:44 Guard Tower
18:44 Guard Tower
18:44 Guard Tower
19:14 Town Hall
19:32 Blacksmith
19:32 Blacksmith
26:22 Lumber Mill
27:39 Workshop
27:55 Scout Tower
27:55 Scout Tower
27:56 Scout Tower
28:25 Scout Tower
28:26 Scout Tower
28:27 Scout Tower
28:27 Scout Tower
28:28 Scout Tower
29:39 Scout Tower
29:42 Guard Tower
29:42 Guard Tower
29:47 Scout Tower
29:47 Scout Tower
29:48 Scout Tower
29:48 Scout Tower
29:49 Scout Tower
29:50 Scout Tower
30:10 Scout Tower
30:10 Scout Tower
30:23 Guard Tower
30:24 Scout Tower
30:24 Scout Tower
30:25 Scout Tower
30:25 Scout Tower
30:32 Scout Tower
30:33 Scout Tower
30:33 Scout Tower
30:33 Scout Tower
30:34 Scout Tower
30:34 Scout Tower
30:37 Guard Tower
30:55 Guard Tower
30:55 Guard Tower
31:04 Guard Tower
31:04 Guard Tower
31:08 Guard Tower
31:08 Guard Tower
31:08 Guard Tower
31:09 Guard Tower
31:21 Guard Tower
32:08 Guard Tower
32:08 Guard Tower
32:10 Guard Tower
32:12 Scout Tower
32:12 Scout Tower
33:07 Guard Tower
33:08 Scout Tower
33:09 Scout Tower
33:09 Scout Tower
33:29 Scout Tower
33:30 Scout Tower
33:43 Guard Tower
33:43 Guard Tower
33:58 Guard Tower
34:08 Guard Tower
34:08 Guard Tower
34:56 Scout Tower
35:09 Town Hall
35:11 Guard Tower
35:12 Scout Tower
35:12 Scout Tower
35:18 Scout Tower
36:41 Town Hall
36:52 Guard Tower
36:52 Guard Tower
37:00 Scout Tower
37:01 Scout Tower
37:01 Scout Tower
37:02 Scout Tower
37:03 Scout Tower
37:03 Scout Tower
37:04 Scout Tower
37:08 Scout Tower
37:09 Scout Tower
37:10 Scout Tower
37:11 Scout Tower
37:11 Scout Tower
37:12 Scout Tower
37:13 Scout Tower
37:22 Guard Tower
39:18 Guard Tower
39:18 Guard Tower
40:01 Town Hall
40:15 Guard Tower
40:15 Guard Tower
40:34 Guard Tower
40:34 Guard Tower
40:58 Scout Tower
40:59 Scout Tower
41:00 Scout Tower
41:00 Scout Tower
41:01 Scout Tower
41:02 Scout Tower
41:03 Scout Tower
41:03 Scout Tower
41:04 Scout Tower
41:04 Scout Tower
41:46 Scout Tower
41:46 Scout Tower
41:47 Scout Tower
41:47 Scout Tower
42:30 Guard Tower
42:30 Guard Tower
43:00 Guard Tower
43:03 Town Hall
43:14 Guard Tower
43:14 Guard Tower
44:53 Guard Tower
44:53 Guard Tower
56:10 Town Hall
63:18 Keep
63:18 Keep
64:16 Arcane Vault
67:52 Castle
68:28 Scout Tower
68:28 Scout Tower
68:29 Scout Tower
68:30 Scout Tower
68:31 Scout Tower
68:32 Scout Tower
69:01 Workshop
69:04 Guard Tower
69:04 Guard Tower
69:05 Guard Tower
69:06 Guard Tower
69:06 Guard Tower
69:07 Guard Tower
69:07 Guard Tower
69:09 Scout Tower
69:12 Scout Tower
69:34 Guard Tower
69:36 Cannon Tower
69:37 Scout Tower
69:41 Scout Tower
69:42 Cannon Tower
69:43 Scout Tower
70:06 Cannon Tower
70:06 Cannon Tower
70:07 Cannon Tower
70:07 Cannon Tower
70:15 Cannon Tower
70:18 Scout Tower
70:44 Scout Tower
71:03 Guard Tower
71:42 Guard Tower
72:18 Gryphon Aviary
72:19 Barracks
73:58 Scout Tower
74:42 Scout Tower
74:43 Scout Tower
74:43 Guard Tower
75:01 Scout Tower
75:02 Scout Tower
75:19 Guard Tower
75:35 Guard Tower
75:35 Guard Tower
75:37 Scout Tower
75:37 Scout Tower
75:38 Scout Tower
75:38 Guard Tower
75:39 Guard Tower
76:13 Guard Tower
76:40 Scout Tower
76:41 Scout Tower
76:42 Guard Tower
76:43 Guard Tower
77:36 Guard Tower
87:08 Scout Tower
87:09 Scout Tower
87:09 Scout Tower
87:31 Scout Tower
87:32 Scout Tower
87:32 Scout Tower
87:32 Scout Tower
87:33 Scout Tower
87:33 Scout Tower
87:33 Scout Tower
87:46 Guard Tower
88:16 Guard Tower
89:24 Guard Tower
90:09 Guard Tower
90:10 Guard Tower
90:25 Guard Tower
90:25 Guard Tower
90:32 Guard Tower
90:34 Scout Tower
90:34 Scout Tower
90:35 Scout Tower
90:36 Scout Tower
90:36 Scout Tower
90:36 Scout Tower
90:38 Town Hall
91:10 Guard Tower
91:10 Guard Tower
92:36 Guard Tower
92:40 Scout Tower
92:40 Scout Tower
92:41 Scout Tower
92:42 Scout Tower
92:42 Scout Tower
92:42 Scout Tower
92:44 Town Hall
93:21 Guard Tower
93:22 Scout Tower
93:23 Scout Tower
93:23 Scout Tower
93:24 Scout Tower
93:24 Scout Tower
93:24 Scout Tower
93:25 Scout Tower
93:25 Scout Tower
93:25 Scout Tower
93:26 Scout Tower
93:27 Scout Tower
94:04 Guard Tower
95:45 Guard Tower
95:45 Guard Tower
97:13 Scout Tower
97:41 Guard Tower
» items
| Scroll of Regeneration | 7 | |
| Potion of Healing | 1 | |
| Ivory Tower | 6 | |
| Staff of Sanctuary | 1 | |
| Orb of Fire | 2 | |
| Scroll of Town Portal | 3 | |
| Periapt of Vitality | 3 | |
| Scroll of Protection | 1 | |
| Scroll of Healing | 1 | |
| Circlet of Nobility | 2 | |
27 total
team 2 (loser)
blueflagon (
blue | 52 APM | 5558 actions | 107:02)
10 Demon Hunter
3 Mana Burn
3 Evasion
1 Metamorphosis
3 Immolation
10 Keeper of the Grove
3 Entangling Roots
3 Thorns Aura
1 Tranquility
3 Force of Nature
2 Priestess of the Moon
1 Trueshot Aura
1 Searing Arrows
» actions
| Assign group hotkey | 106 | |
| Basic commands | 24 | |
| Build / train | 190 | |
| Enter build submenu | 40 | |
| Enter hero's abilities submenu | 23 | |
| Give item / drop item | 2 | |
| Remove unit from queue | 8 | |
| Right click | 2818 | |
| Select / deselect | 1220 | |
| Select group hotkey | 749 | |
| Use ability | 375 | |
5558 total
» units
| Wisp | 33 | |
| Archer | 25 | |
| Druid of the Talon | 19 | |
| Chimaera | 28 | |
| Glaive Thrower | 1 | |
| Faerie Dragon | 2 | |
| Hippogryph | 13 | |
121 total
» upgrades
| Improved Bows | 1 | |
| Druid of the Talon Training | 2 | |
| Marksmanship | 1 | |
| Corrosive Breath | 1 | |
| Strength of the Wild | 3 | |
| Reinforced Hides | 3 | |
| Vorpal Blades | 1 | |
| Mark of the Talon | 1 | |
| Strength of the Moon | 2 | |
| Nature's Blessing | 1 | |
| Moon Armor | 1 | |
| Well Spring | 1 | |
18 total
» buildings
| Altar of Elders | 3 | |
| Moon Well | 10 | |
| Ancient of War | 1 | |
| Tree of Ages | 1 | |
| Hunter's Hall | 1 | |
| Ancient of Wind | 3 | |
| Tree of Eternity | 1 | |
| Ancient of Wonders | 3 | |
| Chimaera Roost | 3 | |
| Ancient Protector | 3 | |
| Tree of Life | 7 | |
36 total
» build order
00:02 Altar of Elders
00:23 Moon Well
00:50 Ancient of War
01:28 Moon Well
02:15 Moon Well
03:08 Moon Well
03:17 Tree of Ages
05:29 Moon Well
05:56 Moon Well
06:02 Hunter's Hall
06:07 Ancient of Wind
07:54 Tree of Eternity
09:28 Moon Well
09:31 Moon Well
10:34 Ancient of Wonders
11:52 Chimaera Roost
16:31 Ancient of Wind
16:35 Ancient Protector
19:29 Moon Well
19:30 Moon Well
19:34 Chimaera Roost
19:43 Ancient of Wonders
24:39 Chimaera Roost
26:58 Ancient Protector
27:02 Ancient Protector
27:06 Tree of Life
32:33 Tree of Life
33:41 Tree of Life
50:41 Ancient of Wonders
51:02 Ancient of Wind
63:26 Tree of Life
74:31 Tree of Life
83:01 Altar of Elders
83:03 Altar of Elders
87:19 Tree of Life
87:24 Tree of Life
» items
| Potion of Healing | 4 | |
| Orb of Venom | 2 | |
| Dust of Appearance | 1 | |
| Staff of Preservation | 2 | |
9 total
team 3 (loser)
Dexanth (
teal | 51 APM | 5436 actions | 107:02)
8 Archmage
3 Summon Water Elemental
3 Brilliance Aura
1 Blizzard
1 Mass Teleport
6 Blood Mage
3 Flame Strike
2 Siphon Mana
1 Summon Phoenix
6 Paladin
3 Holy Light
3 Divine Shield
» actions
| Assign group hotkey | 72 | |
| Basic commands | 52 | |
| Build / train | 204 | |
| Enter build submenu | 73 | |
| Enter hero's abilities submenu | 20 | |
| Give item / drop item | 14 | |
| Remove unit from queue | 12 | |
| Right click | 2329 | |
| Select / deselect | 1018 | |
| Select group hotkey | 1141 | |
| Use ability | 501 | |
5436 total
» units
| Peasant | 26 | |
| Gryphon Rider | 9 | |
| Dragonhawk Rider | 9 | |
| Siege Engine | 10 | |
| Spell Breaker | 6 | |
| Sorceress | 2 | |
| Flying Machine | 17 | |
79 total
» upgrades
| Masonry | 3 | |
| Lumber Harvesting | 2 | |
| Swords | 3 | |
| Gunpowder | 3 | |
| Armor | 3 | |
| Plating | 3 | |
| Cloud | 1 | |
| Storm Hammers | 1 | |
| Magic Sentry | 1 | |
| Control Magic | 1 | |
| Priest Training | 2 | |
| Sorceress Training | 2 | |
| Flak Cannons | 1 | |
| Fragmentation Shards | 1 | |
| Flying Machine Bombs | 1 | |
| Flare | 1 | |
| Barrage | 1 | |
| Backpack | 1 | |
31 total
» buildings
| Altar of Kings | 1 | |
| Farm | 20 | |
| Lumber Mill | 1 | |
| Scout Tower | 96 | |
| Guard Tower | 24 | |
| Keep | 1 | |
| Blacksmith | 1 | |
| Arcane Vault | 1 | |
| Castle | 1 | |
| Gryphon Aviary | 2 | |
| Arcane Sanctum | 1 | |
| Town Hall | 6 | |
| Workshop | 3 | |
| Arcane Tower | 6 | |
| Barracks | 1 | |
165 total
» build order
00:08 Altar of Kings
00:13 Farm
00:46 Farm
00:49 Farm
00:55 Lumber Mill
01:27 Scout Tower
01:30 Scout Tower
01:35 Scout Tower
01:37 Scout Tower
02:03 Farm
02:07 Scout Tower
02:09 Scout Tower
02:34 Guard Tower
02:51 Farm
02:54 Scout Tower
02:56 Scout Tower
03:13 Guard Tower
03:35 Scout Tower
03:37 Scout Tower
03:39 Guard Tower
04:11 Scout Tower
04:11 Scout Tower
04:12 Scout Tower
04:15 Scout Tower
04:17 Scout Tower
04:18 Scout Tower
04:28 Keep
04:46 Guard Tower
05:09 Guard Tower
05:28 Guard Tower
05:31 Guard Tower
05:35 Scout Tower
05:37 Scout Tower
05:39 Scout Tower
05:40 Scout Tower
05:51 Guard Tower
06:10 Guard Tower
06:26 Blacksmith
06:32 Arcane Vault
06:40 Guard Tower
07:07 Guard Tower
07:25 Castle
07:37 Guard Tower
08:44 Castle
10:46 Gryphon Aviary
12:41 Guard Tower
13:31 Arcane Sanctum
15:13 Town Hall
15:33 Workshop
15:35 Workshop
16:32 Town Hall
17:45 Scout Tower
17:47 Scout Tower
17:47 Scout Tower
17:48 Scout Tower
17:51 Scout Tower
17:52 Scout Tower
17:52 Scout Tower
17:53 Scout Tower
17:55 Scout Tower
17:56 Scout Tower
17:57 Scout Tower
17:58 Scout Tower
17:59 Scout Tower
18:16 Farm
18:17 Farm
18:18 Farm
18:18 Farm
18:20 Farm
18:21 Farm
18:22 Farm
18:23 Farm
19:44 Guard Tower
21:03 Scout Tower
21:05 Scout Tower
21:06 Scout Tower
21:08 Scout Tower
21:09 Scout Tower
21:18 Scout Tower
21:19 Scout Tower
21:19 Scout Tower
21:21 Scout Tower
21:21 Scout Tower
21:22 Scout Tower
21:23 Scout Tower
21:23 Scout Tower
21:24 Scout Tower
21:29 Scout Tower
21:30 Scout Tower
21:30 Scout Tower
21:30 Scout Tower
21:32 Scout Tower
21:34 Scout Tower
21:35 Scout Tower
21:36 Scout Tower
21:37 Scout Tower
21:38 Scout Tower
22:23 Guard Tower
23:14 Guard Tower
23:59 Guard Tower
24:17 Guard Tower
24:44 Guard Tower
25:07 Guard Tower
28:33 Scout Tower
28:34 Scout Tower
28:34 Scout Tower
28:35 Scout Tower
28:36 Scout Tower
28:36 Scout Tower
28:40 Guard Tower
28:46 Guard Tower
29:16 Arcane Tower
30:30 Arcane Tower
30:54 Arcane Tower
30:59 Scout Tower
31:00 Scout Tower
31:01 Scout Tower
31:02 Scout Tower
31:04 Scout Tower
31:04 Scout Tower
31:06 Scout Tower
31:06 Scout Tower
31:07 Scout Tower
32:15 Town Hall
32:29 Guard Tower
33:11 Scout Tower
33:14 Scout Tower
33:15 Scout Tower
33:15 Scout Tower
33:16 Scout Tower
33:17 Scout Tower
33:18 Scout Tower
33:19 Scout Tower
33:20 Scout Tower
33:46 Guard Tower
34:23 Scout Tower
34:27 Scout Tower
34:27 Scout Tower
34:28 Scout Tower
34:30 Scout Tower
34:32 Guard Tower
35:45 Scout Tower
36:08 Guard Tower
36:22 Arcane Tower
36:24 Guard Tower
36:35 Scout Tower
36:36 Scout Tower
36:48 Scout Tower
36:49 Arcane Tower
36:51 Guard Tower
37:07 Scout Tower
37:08 Scout Tower
37:08 Scout Tower
37:41 Arcane Tower
37:56 Farm
37:57 Farm
37:58 Farm
40:14 Workshop
46:43 Town Hall
47:57 Town Hall
48:19 Town Hall
60:14 Barracks
69:14 Farm
69:17 Farm
69:17 Farm
84:58 Farm
103:56 Scout Tower
105:17 Scout Tower
106:14 Scout Tower
» items
| Ivory Tower | 3 | |
| Scroll of Town Portal | 5 | |
| Orb of Fire | 3 | |
| Staff of Sanctuary | 3 | |
| Boots of Speed | 3 | |
| Staff of Teleportation | 3 | |
| Tome of Retraining | 1 | |
| Scroll of Regeneration | 1 | |
| Mechanical Critter | 1 | |
23 total
team 4 (loser)
m0naster (
red | 16 APM | 1685 actions | 107:02)
1 Archmage
1 Summon Water Elemental
» actions
| Assign group hotkey | 9 | |
| Basic commands | 3 | |
| Build / train | 42 | |
| ESC pressed | 5 | |
| Enter build submenu | 26 | |
| Enter hero's abilities submenu | 1 | |
| Remove unit from queue | 1 | |
| Right click | 1208 | |
| Select / deselect | 170 | |
| Select group hotkey | 137 | |
| Use ability | 83 | |
1685 total
» units
» upgrades
» buildings
| Altar of Kings | 1 | |
| Farm | 2 | |
| Lumber Mill | 2 | |
| Scout Tower | 19 | |
| Guard Tower | 12 | |
| Arcane Vault | 1 | |
| Barracks | 1 | |
38 total
» build order
00:05 Altar of Kings
00:08 Farm
00:12 Lumber Mill
02:41 Scout Tower
02:41 Scout Tower
02:42 Scout Tower
03:09 Guard Tower
03:11 Scout Tower
03:23 Farm
04:02 Guard Tower
04:03 Scout Tower
04:17 Scout Tower
04:19 Scout Tower
04:32 Scout Tower
04:39 Guard Tower
04:47 Guard Tower
04:49 Guard Tower
05:00 Guard Tower
05:03 Scout Tower
05:23 Arcane Vault
05:36 Guard Tower
05:58 Scout Tower
06:28 Guard Tower
06:43 Scout Tower
06:46 Barracks
07:03 Lumber Mill
07:14 Scout Tower
07:15 Guard Tower
08:07 Guard Tower
08:23 Scout Tower
10:05 Guard Tower
10:08 Scout Tower
10:10 Scout Tower
10:14 Scout Tower
10:15 Scout Tower
10:25 Scout Tower
10:25 Scout Tower
10:41 Guard Tower
team 5 (loser)
Tunk (
purple | 32 APM | 3126 actions | 98:56)
6 Blademaster
3 Wind Walk
2 Critical Strike
1 Bladestorm
» actions
| Assign group hotkey | 44 | |
| Basic commands | 43 | |
| Build / train | 144 | |
| Enter build submenu | 144 | |
| Enter hero's abilities submenu | 5 | |
| Give item / drop item | 1 | |
| Remove unit from queue | 7 | |
| Right click | 1473 | |
| Select / deselect | 782 | |
| Select group hotkey | 313 | |
| Use ability | 170 | |
3126 total
» units
| Peon | 25 | |
| Grunt | 5 | |
| Demolisher | 12 | |
| Troll Headhunter/Berserker | 1 | |
| Troll Batrider | 77 | |
120 total
» upgrades
| Berserker Strength | 0 | |
| Burning Oil | 1 | |
| Liquid Fire | 1 | |
| Spiked Barricades | 3 | |
| Reinforced Defenses | 1 | |
6 total
» buildings
| Orc Burrow | 7 | |
| Altar of Storms | 1 | |
| Barracks | 2 | |
| Stronghold | 1 | |
| War Mill | 3 | |
| Fortress | 1 | |
| Great Hall | 2 | |
| Watch Tower | 94 | |
| Beastiary | 1 | |
| Voodoo Lounge | 1 | |
113 total
» build order
00:05 Orc Burrow
00:10 Altar of Storms
00:34 Barracks
01:39 Orc Burrow
03:19 Stronghold
03:55 Orc Burrow
05:01 Barracks
05:44 War Mill
06:17 Fortress
07:23 Orc Burrow
09:08 Orc Burrow
10:12 Great Hall
10:49 Watch Tower
11:00 Orc Burrow
11:41 Watch Tower
11:52 Orc Burrow
12:54 Watch Tower
13:00 Watch Tower
13:46 Watch Tower
14:07 Watch Tower
14:13 Watch Tower
14:24 Watch Tower
14:49 Watch Tower
14:57 Watch Tower
15:19 Watch Tower
15:28 Watch Tower
16:03 Watch Tower
16:59 Beastiary
17:40 Watch Tower
17:43 Watch Tower
17:55 Watch Tower
19:26 Watch Tower
19:31 Watch Tower
19:37 Watch Tower
19:44 Watch Tower
19:55 Voodoo Lounge
20:35 Watch Tower
20:43 Watch Tower
20:47 Watch Tower
21:52 Watch Tower
22:29 Watch Tower
23:01 Watch Tower
23:10 Watch Tower
24:13 Watch Tower
24:17 Watch Tower
25:33 Watch Tower
25:40 Watch Tower
25:44 Watch Tower
26:39 Watch Tower
26:45 Watch Tower
27:35 Watch Tower
27:42 Watch Tower
28:00 Watch Tower
29:56 Watch Tower
30:10 Watch Tower
30:25 Watch Tower
31:35 Watch Tower
31:39 Watch Tower
33:08 Watch Tower
33:10 Watch Tower
33:13 Watch Tower
33:15 Watch Tower
33:20 Watch Tower
33:25 Watch Tower
33:28 Watch Tower
33:33 Watch Tower
33:48 Watch Tower
34:16 Watch Tower
34:27 Watch Tower
35:25 Watch Tower
35:30 Watch Tower
35:33 Watch Tower
35:38 Watch Tower
36:09 Watch Tower
36:15 Watch Tower
37:04 Watch Tower
37:08 Watch Tower
37:15 Watch Tower
37:20 Watch Tower
37:27 Watch Tower
37:59 Watch Tower
38:33 Watch Tower
38:35 Watch Tower
38:37 Watch Tower
38:40 Watch Tower
38:58 Watch Tower
39:06 Watch Tower
40:19 War Mill
43:07 War Mill
45:07 Watch Tower
45:10 Watch Tower
45:12 Watch Tower
45:16 Watch Tower
45:18 Watch Tower
46:07 Great Hall
46:21 Watch Tower
46:29 Watch Tower
46:32 Watch Tower
46:35 Watch Tower
46:40 Watch Tower
46:43 Watch Tower
46:49 Watch Tower
48:06 Watch Tower
48:09 Watch Tower
48:12 Watch Tower
49:46 Watch Tower
50:18 Watch Tower
50:22 Watch Tower
50:39 Watch Tower
50:48 Watch Tower
51:54 Watch Tower
52:01 Watch Tower
52:42 Watch Tower
» items
| Healing Salve | 1 | |
| Orb of Lightning | 1 | |
2 total
team 6 (loser)
Lotus222 (
yellow | 29 APM | 1148 actions | 39:34)
3 Priestess of the Moon
2 Searing Arrows
1 Trueshot Aura
1 Demon Hunter
1 Evasion
» actions
| Basic commands | 51 | |
| Build / train | 65 | |
| ESC pressed | 3 | |
| Enter build submenu | 47 | |
| Enter hero's abilities submenu | 4 | |
| Right click | 384 | |
| Select / deselect | 509 | |
| Use ability | 84 | |
1148 total
» units
| Wisp | 37 | |
| Archer | 7 | |
| Druid of the Claw | 4 | |
| Dryad | 2 | |
50 total
» upgrades
| Improved Bows | 1 | |
| Nature's Blessing | 1 | |
| Ultravision | 1 | |
| Druid of the Claw Training | 2 | |
| Strength of the Moon | 1 | |
| Abolish Magic | 1 | |
7 total
» buildings
| Altar of Elders | 3 | |
| Moon Well | 10 | |
| Ancient of War | 18 | |
| Tree of Ages | 1 | |
| Hunter's Hall | 2 | |
| Ancient Protector | 1 | |
| Ancient of Lore | 2 | |
| Tree of Eternity | 1 | |
| Ancient of Wind | 1 | |
| Tree of Life | 2 | |
41 total
» build order
00:09 Altar of Elders
00:15 Altar of Elders
00:31 Moon Well
01:27 Moon Well
02:08 Ancient of War
02:12 Ancient of War
02:21 Ancient of War
02:31 Moon Well
02:40 Ancient of War
03:55 Tree of Ages
04:59 Ancient of War
05:48 Hunter's Hall
07:14 Ancient of War
08:24 Moon Well
10:37 Ancient of War
10:57 Ancient of War
11:12 Ancient of War
11:45 Ancient of War
12:22 Ancient of War
13:55 Ancient Protector
14:53 Ancient of Lore
14:56 Ancient of Lore
16:59 Moon Well
17:53 Moon Well
18:46 Tree of Eternity
19:03 Ancient of Wind
19:27 Moon Well
20:44 Hunter's Hall
23:45 Ancient of War
23:49 Ancient of War
26:14 Moon Well
28:26 Tree of Life
31:51 Altar of Elders
32:14 Ancient of War
32:35 Moon Well
33:05 Ancient of War
33:15 Ancient of War
33:44 Ancient of War
33:50 Ancient of War
36:03 Moon Well
37:19 Tree of Life
team 7 (loser)
defbasterd (
orange | 18 APM | 703 actions | 39:14)
3 Paladin
1 Holy Light
1 Divine Shield
1 Devotion Aura
» actions
| Assign group hotkey | 8 | |
| Basic commands | 9 | |
| Build / train | 107 | |
| ESC pressed | 1 | |
| Enter build submenu | 24 | |
| Enter hero's abilities submenu | 3 | |
| Remove unit from queue | 3 | |
| Right click | 176 | |
| Select / deselect | 324 | |
| Select group hotkey | 2 | |
| Use ability | 46 | |
703 total
» units
| Peasant | 10 | |
| Footman | 31 | |
| Rifleman | 23 | |
| Knight | 7 | |
| Gryphon Rider | 4 | |
75 total
» upgrades
| Masonry | 2 | |
| Swords | 3 | |
| Plating | 3 | |
| Gunpowder | 1 | |
| Long Rifles | 1 | |
| Lumber Harvesting | 1 | |
| Animal War Training | 1 | |
| Storm Hammers | 1 | |
| Armor | 1 | |
14 total
» buildings
| Altar of Kings | 1 | |
| Barracks | 2 | |
| Farm | 10 | |
| Lumber Mill | 1 | |
| Blacksmith | 1 | |
| Keep | 1 | |
| Scout Tower | 8 | |
| Guard Tower | 5 | |
| Castle | 1 | |
| Gryphon Aviary | 1 | |
| Arcane Tower | 3 | |
34 total
» build order
00:11 Altar of Kings
00:37 Barracks
00:49 Farm
01:21 Farm
01:58 Farm
02:15 Lumber Mill
02:53 Blacksmith
03:59 Keep
05:37 Scout Tower
05:52 Scout Tower
07:53 Barracks
08:00 Guard Tower
08:16 Scout Tower
08:18 Guard Tower
08:40 Farm
08:41 Farm
09:03 Farm
09:04 Farm
10:48 Guard Tower
14:29 Castle
16:24 Gryphon Aviary
21:02 Scout Tower
21:19 Farm
21:20 Farm
21:21 Farm
21:39 Guard Tower
26:30 Scout Tower
26:37 Scout Tower
26:45 Scout Tower
27:17 Arcane Tower
27:28 Guard Tower
27:42 Scout Tower
28:15 Arcane Tower
28:45 Arcane Tower
team 8 (loser)
Nonent (
pink | 66 APM | 6487 actions | 98:37)
10 Blademaster
3 Wind Walk
3 Critical Strike
1 Bladestorm
3 Mirror Image
9 Tauren Chieftain
3 Endurance Aura
3 War Stomp
1 Reincarnation
2 Shockwave
8 Shadow Hunter
3 Hex
3 Healing Wave
1 Big Bad Voodoo
1 Serpent Ward
» actions
| Assign group hotkey | 86 | |
| Basic commands | 8 | |
| Build / train | 202 | |
| Enter build submenu | 85 | |
| Enter hero's abilities submenu | 27 | |
| Give item / drop item | 12 | |
| Remove unit from queue | 17 | |
| Right click | 2208 | |
| Select / deselect | 863 | |
| Select group hotkey | 2542 | |
| Use ability | 435 | |
6487 total
» units
| Peon | 44 | |
| Troll Batrider | 27 | |
| Wind Rider | 7 | |
| Spirit Walker | 1 | |
| Troll Witch Doctor | 7 | |
| Kodo Beast | 3 | |
| Shaman | 6 | |
| Raider | 5 | |
| Troll Headhunter/Berserker | 9 | |
109 total
» upgrades
| Ranged Weapons | 3 | |
| Spiked Barricades | 2 | |
| Reinforced Defenses | 1 | |
| Envenomed Spears | 1 | |
| Armor | 4 | |
| War Drums Damage Increase | 1 | |
| Witch Doctor Training | 2 | |
| Spirit Walker Training | 2 | |
| Shaman Training | 2 | |
| Liquid Fire | 1 | |
| Ensnare | 1 | |
| Melee Weapons | 3 | |
| Berserker Upgrade | 1 | |
24 total
» buildings
| Altar of Storms | 1 | |
| Orc Burrow | 14 | |
| War Mill | 2 | |
| Voodoo Lounge | 1 | |
| Watch Tower | 39 | |
| Stronghold | 1 | |
| Beastiary | 3 | |
| Fortress | 1 | |
| Great Hall | 11 | |
| Spirit Lodge | 1 | |
| Barracks | 3 | |
77 total
» build order
00:21 Altar of Storms
00:29 Orc Burrow
00:50 War Mill
01:07 Voodoo Lounge
02:06 Watch Tower
02:28 Watch Tower
02:36 Watch Tower
02:56 Watch Tower
03:35 Stronghold
03:52 Watch Tower
04:29 Orc Burrow
05:30 Watch Tower
05:38 Watch Tower
06:03 Beastiary
06:07 Beastiary
06:19 Orc Burrow
06:33 Fortress
08:07 Watch Tower
08:15 Watch Tower
08:18 Watch Tower
10:12 Orc Burrow
11:50 Great Hall
13:35 Watch Tower
13:40 Watch Tower
13:46 Watch Tower
16:47 Orc Burrow
16:50 Orc Burrow
18:42 Spirit Lodge
22:35 Great Hall
29:11 Orc Burrow
30:15 Watch Tower
30:17 Watch Tower
30:22 Watch Tower
32:13 Great Hall
33:06 Watch Tower
33:22 Watch Tower
33:25 Watch Tower
33:27 Watch Tower
34:26 Watch Tower
34:41 Watch Tower
34:49 Watch Tower
36:39 Watch Tower
36:42 Watch Tower
36:44 Watch Tower
36:47 Watch Tower
37:52 Watch Tower
38:36 Beastiary
39:13 Watch Tower
42:28 Great Hall
42:33 Watch Tower
42:35 Watch Tower
42:37 Watch Tower
43:05 Watch Tower
43:08 Watch Tower
43:52 Orc Burrow
44:12 Watch Tower
44:43 Orc Burrow
44:59 Watch Tower
45:00 Watch Tower
45:03 Watch Tower
45:08 Orc Burrow
51:37 Great Hall
59:55 Great Hall
61:12 Watch Tower
65:30 Great Hall
71:41 Barracks
72:21 Barracks
73:16 Barracks
73:27 Orc Burrow
73:37 War Mill
74:03 Orc Burrow
74:08 Orc Burrow
74:53 Orc Burrow
79:56 Great Hall
84:33 Great Hall
85:01 Great Hall
97:06 Great Hall
» items
| Healing Salve | 5 | |
| Boots of Speed | 2 | |
| Lesser Clarity Potion | 5 | |
| Orb of Lightning | 3 | |
| Scroll of Town Portal | 4 | |
| Potion of Healing | 1 | |
20 total
team 9 (loser)
DirtMcGirt (
dark-green | 53 APM | 2220 actions | 42:00)
3 Blademaster
1 Wind Walk
2 Critical Strike
» actions
| Assign group hotkey | 9 | |
| Basic commands | 11 | |
| Build / train | 49 | |
| ESC pressed | 1 | |
| Enter build submenu | 63 | |
| Enter hero's abilities submenu | 3 | |
| Remove unit from queue | 3 | |
| Right click | 1469 | |
| Select / deselect | 416 | |
| Select group hotkey | 74 | |
| Use ability | 122 | |
2220 total
» units
» upgrades
| Spiked Barricades | 1 | |
| Liquid Fire | 1 | |
2 total
» buildings
| Altar of Storms | 1 | |
| War Mill | 1 | |
| Orc Burrow | 6 | |
| Watch Tower | 43 | |
| Stronghold | 1 | |
| Voodoo Lounge | 1 | |
| Beastiary | 3 | |
| Fortress | 1 | |
| Great Hall | 1 | |
58 total
» build order
00:06 Altar of Storms
00:56 War Mill
01:09 Orc Burrow
02:10 Watch Tower
02:16 Watch Tower
02:40 Watch Tower
03:17 Watch Tower
03:27 Watch Tower
04:15 Watch Tower
04:27 Watch Tower
04:31 Stronghold
04:43 Voodoo Lounge
05:21 Watch Tower
05:29 Watch Tower
05:58 Watch Tower
06:03 Watch Tower
06:40 Orc Burrow
06:53 Watch Tower
07:37 Orc Burrow
07:53 Watch Tower
09:15 Beastiary
09:24 Watch Tower
09:29 Watch Tower
09:35 Watch Tower
10:14 Beastiary
10:40 Watch Tower
11:29 Watch Tower
11:33 Watch Tower
12:37 Beastiary
12:40 Fortress
12:46 Watch Tower
12:51 Watch Tower
14:17 Watch Tower
14:30 Watch Tower
15:00 Watch Tower
15:03 Watch Tower
15:09 Watch Tower
17:33 Watch Tower
17:37 Watch Tower
17:59 Watch Tower
18:17 Orc Burrow
18:41 Watch Tower
21:59 Watch Tower
22:03 Watch Tower
22:06 Watch Tower
22:46 Watch Tower
24:00 Watch Tower
24:25 Watch Tower
25:08 Watch Tower
25:13 Watch Tower
26:17 Watch Tower
26:43 Watch Tower
27:09 Watch Tower
27:36 Watch Tower
28:17 Watch Tower
39:41 Orc Burrow
40:08 Orc Burrow
40:13 Great Hall
» items
| Lesser Clarity Potion | 4 | |
| Healing Salve | 2 | |
| Scroll of Town Portal | 1 | |
| Orb of Lightning | 1 | |
| Tiny Great Hall | 1 | |
9 total
team 10 (loser)
dota-duck (
gray | 28 APM | 1995 actions | 72:17)
2 Archmage
1 Summon Water Elemental
1 Brilliance Aura
1 Paladin
1 Divine Shield
» actions
| Assign group hotkey | 16 | |
| Basic commands | 135 | |
| Build / train | 65 | |
| Enter build submenu | 20 | |
| Enter hero's abilities submenu | 3 | |
| Remove unit from queue | 7 | |
| Right click | 991 | |
| Select / deselect | 312 | |
| Select group hotkey | 383 | |
| Use ability | 63 | |
1995 total
» units
| Peasant | 8 | |
| Footman | 7 | |
| Flying Machine | 13 | |
| Rifleman | 2 | |
| Siege Engine | 2 | |
| Mortar Team | 1 | |
33 total
» upgrades
| Long Rifles | 1 | |
| Flying Machine Bombs | 1 | |
| Flak Cannons | 1 | |
| Defend | 1 | |
| Masonry | 1 | |
5 total
» buildings
| Altar of Kings | 1 | |
| Barracks | 1 | |
| Farm | 7 | |
| Scout Tower | 3 | |
| Arcane Tower | 3 | |
| Keep | 2 | |
| Arcane Vault | 2 | |
| Lumber Mill | 1 | |
| Blacksmith | 2 | |
| Castle | 1 | |
| Workshop | 2 | |
| Cannon Tower | 2 | |
27 total
» build order
00:11 Altar of Kings
00:19 Barracks
00:40 Farm
01:17 Farm
02:08 Farm
02:17 Scout Tower
02:26 Scout Tower
02:54 Farm
03:46 Arcane Tower
03:46 Arcane Tower
04:13 Keep
04:18 Arcane Vault
04:25 Arcane Tower
04:58 Lumber Mill
05:04 Blacksmith
06:25 Farm
06:35 Castle
06:41 Workshop
07:07 Workshop
09:49 Scout Tower
14:04 Blacksmith
14:08 Farm
14:11 Farm
14:21 Arcane Vault
15:09 Cannon Tower
15:10 Cannon Tower
» items
| Scroll of Regeneration | 1 | |
| Lesser Clarity Potion | 2 | |
| Staff of Sanctuary | 1 | |
4 total
team 11 (loser)
Blinn (
light-blue | 35 APM | 3745 actions | 107:02)
3 Blademaster
2 Wind Walk
1 Critical Strike
1 Tauren Chieftain
1 War Stomp
» actions
| Assign group hotkey | 74 | |
| Basic commands | 4 | |
| Build / train | 42 | |
| ESC pressed | 14 | |
| Enter build submenu | 91 | |
| Enter hero's abilities submenu | 4 | |
| Give item / drop item | 2 | |
| Right click | 2624 | |
| Select / deselect | 593 | |
| Select group hotkey | 112 | |
| Use ability | 180 | |
3745 total
» units
| Peon | 15 | |
| Demolisher | 1 | |
| Troll Batrider | 7 | |
23 total
» upgrades
| Spiked Barricades | 1 | |
| Pillage | 1 | |
2 total
» buildings
| Altar of Storms | 2 | |
| Orc Burrow | 3 | |
| War Mill | 3 | |
| Watch Tower | 41 | |
| Voodoo Lounge | 2 | |
| Great Hall | 4 | |
| Barracks | 2 | |
| Stronghold | 1 | |
| Fortress | 1 | |
| Beastiary | 2 | |
61 total
» build order
00:02 Altar of Storms
00:14 Orc Burrow
00:38 War Mill
01:56 Watch Tower
02:02 Watch Tower
02:24 Watch Tower
03:22 Watch Tower
03:33 Watch Tower
03:43 Watch Tower
03:57 Watch Tower
04:08 Watch Tower
04:25 Watch Tower
04:54 Watch Tower
05:25 Watch Tower
05:39 Voodoo Lounge
05:57 Watch Tower
06:17 Watch Tower
06:48 Watch Tower
06:59 Watch Tower
08:15 Watch Tower
09:10 War Mill
10:05 Watch Tower
10:08 Watch Tower
10:13 Watch Tower
10:46 Watch Tower
11:09 Watch Tower
11:10 Watch Tower
11:18 Watch Tower
11:34 Watch Tower
13:13 Great Hall
13:40 Watch Tower
14:09 Watch Tower
14:12 Watch Tower
14:14 Watch Tower
16:01 Watch Tower
17:12 Barracks
17:13 Stronghold
18:02 Orc Burrow
18:08 Barracks
18:17 Orc Burrow
22:31 Voodoo Lounge
24:26 Fortress
24:34 Watch Tower
24:36 Watch Tower
24:39 Watch Tower
24:40 Watch Tower
25:02 Beastiary
25:07 Beastiary
28:10 Great Hall
28:20 Watch Tower
28:21 Watch Tower
28:22 Watch Tower
28:23 Watch Tower
29:45 Altar of Storms
29:56 War Mill
31:13 Watch Tower
31:14 Watch Tower
31:15 Watch Tower
31:17 Watch Tower
41:07 Great Hall
43:55 Great Hall
» items
| Healing Salve | 2 | |
| Potion of Healing | 4 | |
| Lesser Clarity Potion | 1 | |
| Staff of Teleportation | 1 | |
| Potion of Lesser Invulnerability | 1 | |
9 total
team 12 (loser)

»
maranda (
brown | 24 APM | 729 actions | 30:15)
1 Mountain King
1 Thunder Clap
» actions
| Assign group hotkey | 26 | |
| Basic commands | 2 | |
| Build / train | 97 | |
| Enter build submenu | 31 | |
| Enter hero's abilities submenu | 1 | |
| Remove unit from queue | 30 | |
| Right click | 143 | |
| Select / deselect | 316 | |
| Select group hotkey | 38 | |
| Use ability | 45 | |
729 total
» units
| Peasant | 13 | |
| Footman | 11 | |
| Gryphon Rider | 12 | |
| Rifleman | -3 | |
| Mortar Team | 6 | |
39 total
» upgrades
| Masonry | 1 | |
| Lumber Harvesting | 1 | |
| Swords | 2 | |
| Storm Hammers | 1 | |
| Armor | 1 | |
| Fragmentation Shards | 1 | |
| Flare | 1 | |
8 total
» buildings
| Altar of Kings | 1 | |
| Barracks | 1 | |
| Farm | 16 | |
| Keep | 1 | |
| Lumber Mill | 1 | |
| Blacksmith | 1 | |
| Gryphon Aviary | 2 | |
| Castle | 1 | |
| Scout Tower | 18 | |
| Guard Tower | 12 | |
| Workshop | 1 | |
| Cannon Tower | 4 | |
| Arcane Sanctum | 1 | |
60 total
» build order
00:19 Altar of Kings
00:39 Barracks
00:46 Farm
01:55 Farm
02:36 Farm
03:22 Farm
03:48 Keep
04:05 Lumber Mill
06:08 Blacksmith
06:33 Farm
07:22 Farm
07:42 Gryphon Aviary
08:14 Gryphon Aviary
08:37 Farm
09:09 Castle
09:26 Scout Tower
09:30 Scout Tower
09:33 Scout Tower
09:40 Scout Tower
09:44 Scout Tower
09:56 Guard Tower
10:22 Guard Tower
10:48 Guard Tower
11:18 Guard Tower
11:47 Guard Tower
12:00 Farm
12:56 Scout Tower
14:27 Farm
15:23 Farm
20:07 Farm
20:09 Farm
20:35 Scout Tower
20:38 Scout Tower
20:43 Scout Tower
21:10 Guard Tower
21:46 Guard Tower
22:40 Scout Tower
22:44 Scout Tower
22:46 Scout Tower
23:11 Guard Tower
23:51 Workshop
23:54 Guard Tower
24:04 Scout Tower
24:05 Scout Tower
24:09 Scout Tower
24:11 Scout Tower
24:20 Guard Tower
25:14 Scout Tower
25:17 Cannon Tower
25:47 Farm
25:56 Guard Tower
26:00 Cannon Tower
26:11 Guard Tower
26:31 Farm
26:40 Cannon Tower
26:54 Scout Tower
27:22 Farm
27:25 Cannon Tower
28:04 Arcane Sanctum
28:15 Farm
Chat log
(00:07 / All) Nonent: last game of the night for me
(00:09 / All) Nonent: so enjoy it
(00:13 / All) Mata.: you 2
(00:16 / All) DirtMcGirt: gl hf
(00:18 / All) m0naster: GG and GL all
(00:28 / All) m0naster: that guy lost last game because bad manner
(00:28 / All) DirtMcGirt: 1 v 1 me without ghost
(00:30 / All) Nonent: gl hf
(00:31 / All) Mata.: yes
(00:32 / All) m0naster: i gave him like 50 tries
(00:33 / All) m0naster: to manner
(00:35 / All) m0naster: but he fail
(00:42 / All) DirtMcGirt: it was funny cause he was ghosting
(00:45 / All) m0naster: yes
(00:47 / All) Mata.: no manner is real silent killer
(00:48 / All) DirtMcGirt: he knew when you were gonna creep jack
(00:51 / All) DirtMcGirt: and turned aroung
(00:52 / All) Blinn: as far as I can tell manner is the most important thing in this game
(00:56 / All) Lotus222: gl hf bitcheeez
(01:01 / All) Mata.: GG HF ALL!@!!!
(01:02 / All) Nonent: manner up
(01:07 / All) m0naster: just manner and you will be fine
(01:10 / All) Dexanth: http://mannerup.com
(01:19 / All) m0naster: mnata
(01:27 / All) m0naster: me and ice are doing money making on mannerup
(01:32 / All) m0naster: like youtube and myspace did
(01:35 / All) m0naster: do you want in
(01:35 / All) Mata.: haha what
(01:37 / All) Nonent: money?
(01:38 / All) m0naster: only 500.00 USD
(01:39 / All) Mata.: hell yeah cut me in on that shit
(01:52 / All) Mata.: i am what brings people to mannerup.com anyawy
(01:56 / All) DirtMcGirt: im sponsoring manner up in my profile
(01:57 / All) blueflagon: lag
(02:00 / All) DirtMcGirt: on the house of course
(02:31 / All) Nonent: wood plz
(02:31 / All) Blinn: no timg pls
(02:43 / All) DirtMcGirt: share control pls
(03:00 / All) Dexanth: Aaaaaa
(03:01 / All) Mata.: lagger
(03:02 / All) m0naster: blademasters are gay
(03:03 / All) Blinn: why timg why
(03:12 / All) DirtMcGirt: blademasters are for luckers
(03:51 / All) DirtMcGirt: fuck
(03:54 / All) Mata.: fagmcnoob
(03:58 / All) Nonent: getting rushed?
(04:18 / All) DirtMcGirt: lucker
(04:22 / All) DirtMcGirt: creeping lucky items
(04:32 / All) Mata.: i come back from fight with red hp hero just as you harass
(04:33 / All) Mata.: and i'm lucker
(04:50 / All) DirtMcGirt: >:)
(05:16 / All) dota-duck: omg
(05:21 / All) Tunk: omg
(05:23 / All) DirtMcGirt: eat ti
(05:34 / All) DirtMcGirt: u like towers?
(06:37 / All) Blinn: obs on defeat yeah?
(06:39 / All) m0naster: yes
(06:40 / All) Mata.: correct
(06:45 / All) Mata.: nothing to see this early probably
(06:45 / All) Blinn: well timg you fought with honor
(06:48 / All) m0naster: u 2
(07:04 / All) blueflagon: chrsit you fags
(08:05 / All) m0naster: did you die
(08:05 / All) DirtMcGirt: ty for tome
(08:06 / All) Blinn: 6 hp :v
(08:20 / All) m0naster: fuck off dex
(08:31 / All) m0naster: this is epic tower v tower
(08:32 / All) Dexanth: nice twr ruush
(09:22 / All) Blinn: i will tower on the beaches, I will never surrender
(09:31 / All) Mata.: love the spirit
(09:36 / All) m0naster: god fuck dex
(09:40 / All) DirtMcGirt: thats a winning attitude
(09:46 / All) Blinn: i think the towerer just became the toweree
(09:52 / All) DirtMcGirt: hehe
(09:54 / All) m0naster: he wont fuck off with his heroes
(10:21 / All) DirtMcGirt: i got jubei
(10:24 / All) Nonent: ugh don't tell me there are tower noobs here
(10:26 / All) DirtMcGirt: best blademaster ever
(10:36 / All) Blinn: kigami fo life
(10:43 / All) m0naster: lmao
(10:49 / All) DirtMcGirt: tower noobs are the worst
(10:50 / All) m0naster: orange and yellow teamers?
(11:04 / All) m0naster: dex
(11:05 / All) m0naster: fuck you
(11:08 / All) m0naster: you're out of the clan
(11:15 / All) Blinn: TgX?
(11:18 / All) m0naster: yes
(11:27 / All) Mata.: nice save grey
(11:29 / All) m0naster: i die to towers
(11:37 / All) Blinn: the only way to go imo
(11:49 / All) m0naster: if i could uproot hu building and march into towers i would
(11:59 / All) m0naster: somebody come hit dex
(12:00 / All) dota-duck: save me dg
(12:03 / All) m0naster: hes just got 2 hero
(12:05 / All) m0naster: archm bloodm
(12:06 / All) dota-duck: green is attacking me
(12:12 / All) m0naster: hes very top left
(12:14 / All) m0naster: also big fag
(12:26 / All) Tunk: OH NO
(12:32 / All) m0naster: now
(12:36 / All) m0naster: now he tower me
(12:39 / All) m0naster: scoutin dis
(12:48 / All) m0naster: he got blood arch pal
(12:56 / All) Nonent: bye tunk
(12:56 / All) m0naster: and towers
(13:00 / All) Blinn: oh shi unexpected towers
(13:09 / All) m0naster: dex you are fag on grand scale
(13:20 / All) Dexanth: my response is to flamestrike ur base
(13:22 / All) Blinn: haha timg you won't believe it I can fit a great hall
(13:26 / All) Blinn: behind the wall of towers I made
(13:32 / All) DirtMcGirt: wow
(13:34 / All) m0naster: look if i wanted to win i wouldve gone undead or not tower rushed u no
(13:36 / All) DirtMcGirt: oj and yellow are teaming
(13:42 / All) Mata.: damn grey just damn
(13:52 / All) m0naster: could you leave a farm
(13:55 / All) Dexanth: yes
(13:57 / All) m0naster: so i can run around with foot
(13:57 / All) m0naster: ty
(14:05 / All) m0naster: i was gonna say a worker too
(14:09 / All) m0naster: but got none!
(14:43 / All) m0naster: lets see how my neighbors to the far east fare
(14:54 / All) Blinn: is that political satire
(14:58 / All) m0naster: n
(15:03 / All) m0naster: its far for footmen
(15:13 / All) Blinn: da lil'est footman
(15:18 / All) Mata.: fuck off timg
(15:23 / All) m0naster: ok
(15:23 / All) m0naster: bye
(15:27 / All) m0naster: its a peace convoy
(15:37 / All) m0naster: somebody creep fountain
(15:50 / All) Mata.: you know a nigga is busy
(15:57 / All) blueflagon: see this shit
(15:59 / All) blueflagon: teaming me
(16:02 / All) blueflagon: and they cant evne win
(16:05 / All) m0naster: comin flagon
(16:09 / All) m0naster: i lend u 3 footment
(16:10 / All) m0naster: one full
(16:12 / All) m0naster: one half
(16:13 / All) m0naster: one red
(16:14 / All) m0naster: 2 slowed
(16:20 / All) dota-duck: stop green
(16:21 / All) Blinn: that adds up to 5
(16:25 / All) m0naster: blinn
(16:28 / All) m0naster: leave my rax
(16:29 / All) dota-duck: plz
(16:39 / All) Blinn: yo it's a lumber mill but okay
(16:41 / All) dota-duck: someone attack green plz
(16:42 / All) m0naster: no
(16:44 / All) m0naster: i mean
(16:51 / All) m0naster: kill everything if you want just leave my rax~
(17:00 / All) m0naster: hail tauren
(17:07 / All) Nonent: sup
(17:17 / All) m0naster: flagon where are ye
(17:24 / All) m0naster: dex leave my rax >:(
(17:27 / All) Dexanth: i will
(17:29 / All) Dexanth: i am making something
(17:43 / All) m0naster: fuck you flagon
(17:45 / All) Blinn: my base is so secure not even I can get in
(17:46 / All) m0naster: you got a footmen killed
(17:58 / All) m0naster: give me gold
(18:25 / All) m0naster: flagon is big liar
(18:28 / All) Mata.: :((
(18:29 / All) m0naster: hes not bottom left
(18:39 / All) blueflagon: i sai
(18:40 / All) blueflagon: one above
(18:43 / All) blueflagon: bototm left
(18:51 / All) Mata.: haha dota duck
(18:53 / All) Mata.: getting gyro out?
(18:54 / All) m0naster: fuck you
(18:55 / All) Nonent: nice name
(18:57 / All) m0naster: now i kill you
(19:10 / All) m0naster: orange
(19:12 / All) m0naster: i am on your team
(19:31 / All) m0naster: no
(19:48 / All) m0naster: convoy number 2 building
(19:51 / All) Mata.: XD
(19:52 / All) Blinn: oh shi the fountain ain't cleared well there goes like all my shit
(19:56 / All) Mata.: haha
(19:56 / All) Nonent: lamo
(19:57 / All) m0naster: assholes dont understand the word "peace"
(20:15 / All) m0naster: mata i gonna visit u i trust i have diplomatic immunuity ????
(20:21 / All) Mata.: if when you say visit
(20:24 / All) Mata.: you mean suicide into my towers
(20:25 / All) Mata.: then no
(20:27 / All) Mata.: otherwise sure
(20:33 / All) DirtMcGirt: lol
(20:39 / All) DirtMcGirt: tyson will fight a woman
(20:40 / All) m0naster: why cant we have ref on defeat
(20:43 / All) m0naster: obs would be mad boring
(20:57 / All) m0naster: for how much
(21:01 / All) Blinn: finally i can break the siege
(21:02 / All) m0naster: "his dignity lol"
(21:03 / All) Blinn: it is a great day
(21:19 / All) dota-duck: omg towers are everywhere
(21:23 / All) m0naster: biiii
(21:24 / All) maranda: lol
(21:30 / All) m0naster: dirtmcfuckyou
(21:38 / All) m0naster: i bring news from the west
(21:40 / All) Dexanth: ugh mclag
(21:40 / All) m0naster: news: dirt is a faggot
(21:48 / All) Tunk: that's not news
(21:51 / All) DirtMcGirt: THATS NEWS TO ME
(22:08 / All) m0naster: yeah kill my rax
(22:10 / All) m0naster: got no gold
(22:19 / All) Blinn: sweet i'm not first out
(22:23 / All) m0naster: me either XD
(22:28 / All) DirtMcGirt: blinn u held strong
(22:38 / All) DirtMcGirt: yello and orange are weak cause they tried to team flagon
(22:40 / All) Blinn: my good manner prevailed
(22:50 / All) Mata.: hi nonent
(22:52 / All) Mata.: welcome to the north
(22:56 / All) DirtMcGirt: would tyson beat alis daughter
(22:57 / All) Nonent: hi
(23:01 / All) Dexanth: Mata you were the one who made me flee
(23:04 / All) Nonent: i got 6 from creeps ask me how
(23:07 / All) m0naster: i lend u my hand
(23:08 / All) Mata.: yes dex
(23:14 / All) Blinn: nonent how did you get level 6 from creeps
(23:21 / All) Nonent: TOME OF POWER FRW
(23:35 / All) Blinn: so you didn't actually get it from the creeps, you got it from the tome
(23:35 / All) Tunk: TOWER WAR
(23:38 / All) DirtMcGirt: hello
(23:40 / All) Blinn: hai
(23:41 / All) m0naster: peaceful observer
(23:43 / All) m0naster: oh fuck you
(23:44 / All) DirtMcGirt: the blademasters face each ohter
(23:47 / All) DirtMcGirt: for noble battle
(23:50 / All) m0naster: dex kill my farm
(24:01 / All) Blinn: dayum
(24:01 / All) Mata.: yeah fuck peace
(24:05 / All) Nonent: lotus, you entered a world of pain
(24:14 / All) DirtMcGirt: breaking news
(24:17 / All) Blinn: that was like a speed reaction storm bolt
(24:19 / All) Lotus222: i have been in one
(24:22 / All) Lotus222: i am just annoying people now
(24:23 / All) m0naster: DEX
(24:25 / All) Nonent: oh
(24:26 / All) m0naster: kill my farm
(24:30 / All) Mata.: i react negatively to noob in my base
(24:31 / All) m0naster: no
(24:32 / All) m0naster: kill me first
(24:33 / All) m0naster: pls
(24:35 / All) Dexanth: coming
(24:38 / All) m0naster: wipe me out
(24:44 / All) DirtMcGirt: i see sorcs
(24:47 / All) m0naster: i hope dota-duck is in obs
(24:49 / All) Mata.: hi diorty
(24:50 / All) m0naster: so we can talk
(24:55 / All) m0naster: otherwise will be v. boring
(24:55 / All) Mata.: he is afaik
(24:57 / All) Mata.: hasn't left yet
(25:00 / All) m0naster: somebody die quick please
(25:02 / All) m0naster: need to chat
(25:06 / All) m0naster: maybe wipe out blinn?
(25:06 / All) blueflagon: lotus die soon
(25:17 / All) Tunk: oh no
(25:19 / All) DirtMcGirt: i was gonna make clan tgx
(25:19 / All) Blinn: thanks timg i'm just trucking along for the free state here
(25:21 / All) DirtMcGirt: with towers
(25:26 / All) m0naster: np
(25:28 / All) DirtMcGirt: oh boy
(25:33 / All) DirtMcGirt: DRAGON HAWKS
(25:34 / All) m0naster: GG
(25:35 / All) m0naster: AND
(25:36 / All) m0naster: GL
(25:37 / All) m0naster: CLAN
(25:38 / All) m0naster: TGX
(25:40 / All) m0naster: LUV U ALL
(25:41 / All) Blinn: fight with honor bro
(25:42 / All) m0naster: PEACE OUT
(25:54 / All) Mata.: haha
(25:55 / All) Mata.: damn
(25:57 / All) Mata.: i feel like a scrub
(26:09 / All) DirtMcGirt: its ok mata
(26:19 / All) Blinn: ok i'm dead soon
(26:22 / All) DirtMcGirt: everyone makes mistakes
(26:26 / All) Blinn: gavinrad you ain't nearly as dire as I originally suspected
(26:50 / All) DirtMcGirt: guys
(26:52 / All) DirtMcGirt: im near top
(26:54 / All) Tunk: dirt
(26:57 / All) DirtMcGirt: please finish me
(27:01 / All) DirtMcGirt: i gotta go to class sooon
(27:13 / All) Tunk: THAT'S WHAT SHE SAID BWWFAAAFAFAFA
(27:22 / All) Mata.: @@
(28:09 / All) DirtMcGirt: sigh there goes my tgx logo
(28:09 / All) Nonent: tunk, you afk?
(28:13 / All) Tunk: no why
(28:21 / All) Nonent: oh
(28:23 / All) DirtMcGirt: tunk is afgay
(28:24 / All) Nonent: towers
(28:25 / All) Tunk: I'm not paying much attention
(29:03 / All) Blinn: often just having the will to tower is enough to pull through
(29:18 / All) Nonent: bye blinn
(29:28 / All) DirtMcGirt: mata i will fight
(29:29 / All) Dexanth: Blinn is ravaged by a savage dexanth
(29:30 / All) DirtMcGirt: to the end
(29:35 / All) Mata.: you are being sieged n00b
(29:41 / All) Blinn: t.t
(30:07 / All) DirtMcGirt: f yo griffins
(30:14 / All) Mata.: go spend last gold on bats
(30:16 / All) Blinn: survivor: outwit, outplay, outlast
(30:17 / All) Mata.: then don't kill anything with them
(30:29 / All) Blinn: that's the motto of an ffa
(30:40 / All) Blinn: o fuk my secret hideout has been discovered :(
(31:35 / All) Blinn: i'm fighting a guerilla war yo
(32:12 / All) DirtMcGirt: hoo boy
(32:44 / All) DirtMcGirt: o fuck
(32:46 / All) DirtMcGirt: im sorrounded
(33:01 / All) DirtMcGirt: you werent kidding
(33:08 / All) DirtMcGirt: when you said im being sieged
(33:12 / All) Mata.: i got a noob in a box right here
(33:17 / All) Mata.: nobody get in, nobody get out
(33:17 / All) DirtMcGirt: send help
(33:20 / All) Mata.: nobody gets to see my noob in a box
(33:26 / All) DirtMcGirt: fuk
(33:31 / All) Dexanth: I will soon
(33:37 / All) DirtMcGirt: r u ready to be amazed
(33:56 / All) Blinn: right here's how it's gonna go down
(34:04 / All) Nonent: you die?
(34:08 / All) Blinn: i'm gonna research pillage and use my 5 remaining peons to beat down buildings till I got enough cash to steamroll you all
(34:14 / All) DirtMcGirt: nice
(34:16 / All) Mata.: we got our winner here
(34:17 / All) DirtMcGirt: never give up
(34:40 / All) DirtMcGirt: ehehehehehehehe
(34:43 / All) Lotus222: hahaha
(34:45 / All) DirtMcGirt: im crafty
(34:53 / All) Mata.: i'm warcrafty
(34:56 / All) Lotus222: not as crafty as i
(34:58 / All) Lotus222: lol
(34:59 / All) Blinn: mikasa es su casa
(35:07 / All) DirtMcGirt: teaming is pretty crafty
(35:17 / All) DirtMcGirt: mata
(35:19 / All) DirtMcGirt: now you see him
(35:25 / All) Dexanth: ok
(35:28 / All) Dexanth: Fuck lag
(35:29 / All) DirtMcGirt: are you watching?
(35:32 / All) Mata.: watching what
(35:37 / All) DirtMcGirt: watch my bm
(35:40 / All) Mata.: it's night time
(35:41 / All) DirtMcGirt: get past your sentry towers
(35:44 / All) Mata.: i don't have visibility that far
(35:49 / All) DirtMcGirt: see him
(35:52 / All) DirtMcGirt: hes gonna get out
(35:53 / All) Mata.: yes
(36:02 / All) Mata.: i guess
(36:09 / All) Mata.: ya i figure you cut through trees
(36:11 / All) DirtMcGirt: tada
(36:42 / All) Mata.: yes
(36:48 / All) Mata.: flagon gets overlevelled noob of the week award
(36:57 / All) Mata.: level 7 i mean damn
(37:02 / All) DirtMcGirt: noobs
(37:03 / All) blueflagon: 2 level 7
(37:04 / All) DirtMcGirt: orange and yellow
(37:13 / All) Nonent: 766 here
(37:20 / All) Blinn: /w mata. hey do u wanna team up??
(37:21 / All) Blinn: oops
(37:24 / All) blueflagon: lmao
(37:26 / All) Mata.: classy
(37:30 / All) DirtMcGirt: eheh
(37:31 / All) Blinn: that was satire just btw
(37:44 / All) Mata.: that's what my /f m has looked like for 10 minutes now
(37:47 / All) DirtMcGirt: mata is on my team
(37:58 / All) DirtMcGirt: woah whats this
(38:06 / All) DirtMcGirt: dex and nonent teaming
(38:13 / All) DirtMcGirt: making towers for ur bf?
(38:18 / All) Mata.: gg dirt
(38:39 / All) DirtMcGirt: come on
(38:40 / All) DirtMcGirt: come on
(38:42 / All) DirtMcGirt: res faster
(38:49 / All) Tunk: hay
(39:12 / All) Mata.: lucker
(39:13 / All) DirtMcGirt: mata this is not over
(39:22 / All) Mata.: come back when you grow a pair
(39:45 / All) Nonent: so, just team towa
(40:24 / All) DirtMcGirt: i need a home
(40:24 / All) Blinn: yo flagon i think you get sight of me when you do that
(40:32 / All) blueflagon: duh
(40:49 / All) Mata.: almost missed that peasant
(40:53 / All) DirtMcGirt: hehe
(40:53 / All) Tunk: :(
(41:22 / All) Blinn: yeo my peons beat down a human hall netting me some phat cash
(41:30 / All) Mata.: are you winning though
(41:44 / All) Blinn: if the game is beat down as many halls as possible with your peons
(41:45 / All) Blinn: yes
(41:51 / All) Tunk: woot
(41:53 / All) Blinn: o fuk
(41:55 / All) DirtMcGirt: i gtg
(41:56 / All) DirtMcGirt: gg
(42:20 / All) Mata.: close to dead archmage
(42:27 / All) Dexanth: I lag spiked couldnt micro
(43:20 / All) Nonent: hi mata
(43:22 / All) Mata.: hihi
(45:28 / All) Blinn: NOOO
(45:30 / All) Mata.: stay away from my border
(46:25 / All) Blinn: noo
(46:27 / All) Blinn: pleease
(47:02 / All) Blinn: ok well you may as well come finish my base off so I can at least obs
(47:11 / All) Dexanth: where is it
(47:15 / All) Blinn: it's in the goblin merchant on the left
(47:18 / All) Nonent: southwest
(47:48 / All) Blinn: suicide chamber for da last peon
(48:41 / All) Mata.: ressurection whammy
(48:53 / All) Blinn: thanks, fight with honor gg
(49:37 / All) Mata.: damn flagon dual hero in a ffa this size is bad practice
(51:03 / All) Dexanth: Nonent get off my damn island
(53:24 / All) Nonent: flagon having mata problems
(54:55 / All) Mata.: well dang
(55:19 / All) blueflagon: my base was once beutiful mata..
(56:53 / All) Mata.: hi nonent i'm hunting NMLs
(56:57 / All) Mata.: no
(56:58 / All) Mata.: i mean dexanths
(60:58 / All) Nonent: mata owning again
(61:04 / All) Mata.: who
(61:05 / All) Dexanth: I cant micro at all in dis lag =(
(61:10 / All) Mata.: is it that bad
(61:14 / All) Dexanth: yes =/
(61:19 / All) blueflagon: i agree
(61:21 / All) Dexanth: Everytime a fight starts i drop a ton of packets
(61:25 / All) Mata.: sorry i do best i can
(61:30 / All) Mata.: Next game maybe someone else will host
(62:37 / All) Nonent: i think next game i'll mass raider
(63:09 / All) Mata.: haha shitty tp
(63:42 / All) Dexanth: See what I mean? >.<
(65:08 / All) Nonent: please
(65:14 / All) Tunk: woot
(66:13 / All) Tunk: finally
(67:52 / All) Tunk: hurry up flagon
(67:57 / All) blueflagon: stfu
(72:26 / All) Nonent: he's been obsing all this long
(72:32 / All) Tunk: haha
(72:38 / All) Tunk: woot I found a gold mine
(73:48 / All) Mata.: right
(73:49 / All) Mata.: that thing
(73:54 / All) Dexanth: =)
(76:16 / All) Mata.: okay
(76:19 / All) Tunk: okay
(76:20 / All) Mata.: does anyone know just how many expos dexanth has
(76:23 / All) blueflagon: no
(76:24 / All) Nonent: no idea
(76:27 / All) Nonent: probably few
(76:43 / All) blueflagon: he got an amry?
(76:51 / All) Nonent: some tanks last i checked
(76:51 / All) Mata.: on occasion he does yes
(77:48 / All) Tunk: nonent you monster
(77:53 / All) Nonent: not intentional
(78:04 / All) blueflagon: tons of towers
(78:23 / All) blueflagon: was that you blizard
(78:52 / All) Tunk: btw nonent you can take that mine in the bottom left the path should be clear
(78:57 / All) Nonent: thx
(79:19 / All) Mata.: dexanth is a stinklizard
(79:21 / All) Mata.: there i said it
(79:27 / All) Tunk: gasp
(81:05 / All) Mata.: spending last gold on taking down dexanth crew
(81:23 / Specific player) blueflagon: be more worried about nonent 9 expos
(81:35 / All) Mata.: i let you worry about htat
(83:15 / All) Nonent: u die
(83:20 / All) Tunk: no dont
(83:41 / All) blueflagon: wont save vrs towers
(85:13 / All) Mata.: you know what
(85:14 / All) Mata.: fuc kit
(85:27 / All) Mata.: dexanth can die in troll cave for all i care
(85:35 / All) Tunk: nonent I'm going to mooch off you k
(85:41 / All) Nonent: mooch what
(85:44 / All) Tunk: this mine here
(85:52 / All) Nonent: i haven't touched it
(86:03 / All) Tunk: you are building a town hall!
(86:09 / All) Dexanth: OH GOD OH GOD
(86:12 / All) blueflagon: orcs dwon have
(86:14 / All) blueflagon: town halls
(86:38 / All) Tunk: WHATEVER FLAGON
(86:46 / All) Tunk: NO DONT
(88:35 / All) Nonent: lamo bug
(89:07 / All) Nonent: afk eating dinner
(89:34 / All) Mata.: when my ladin gets out you're dead
(89:51 / All) blueflagon: im not that bad of a ne
(89:54 / All) blueflagon: am i?
(90:09 / All) Nonent: warden+moonwells ftw imo
(91:15 / All) Dexanth: GET OUTTA MY HOUSE
(92:06 / All) blueflagon: my only mine
(92:07 / All) blueflagon: NOOO
(92:11 / All) Mata.: fuck my last mane
(92:54 / All) Tunk: my last peon :(
(93:03 / All) Tunk: I have 73 gold left aggh
(93:12 / All) Mata.: flagon with the dual altar strat
(93:34 / All) blueflagon: Nunu
(93:38 / All) blueflagon: MARGHGH
(93:44 / All) Mata.: i don't get it
(93:46 / Specific player) blueflagon: my last ones
(93:48 / All) Tunk: I'm just going to go do something else until someone kills me
(94:47 / All) blueflagon: for aiur
(94:54 / All) blueflagon: going to eat
(94:56 / All) blueflagon: hope i win
(94:59 / All) Mata.: gbg
(95:13 / All) Nonent: nice pally mata
(95:16 / All) Nonent: or dex
(95:20 / All) Mata.: probably dex
(95:22 / All) Nonent: all hu look same to me
(95:33 / All) Mata.: with ally colors maybe
(95:38 / All) Mata.: ally color pretty shitty in ffas
(95:41 / All) Nonent: ya
(96:03 / All) Mata.: oh dex
(96:32 / All) Mata.: where the hell do you keep getting gold for this dex
(96:50 / All) Dexanth: kekeke
(98:10 / All) Mata.: this is some teaming shit
(98:29 / All) Nonent: gg
(98:34 / All) Nonent: im bored :(
(98:50 / All) Tunk: yeah this is going nowhere gbg
(98:53 / All) Mata.: lates
(98:56 / All) Dexanth: cya
(98:59 / All) Dexanth: Ok
(99:01 / All) Dexanth: I conceed first to you
(99:03 / All) Mata.: that leaves us
(99:09 / All) Dexanth: We could wage a long war
(99:10 / All) Dexanth: But
(99:12 / All) Dexanth: I know i am beat
(99:17 / All) Mata.: really
(99:22 / All) Dexanth: I have 85 g
(99:24 / All) Dexanth: When you turned around
(99:24 / All) Mata.: if you want i can throw myself at your base
(99:25 / All) Dexanth: i had 11
(99:38 / All) Dexanth: I have like 20 towerws left thats it
(99:45 / All) Mata.: not even any gyros?
(100:48 / All) Dexanth: My paladin needs hono
(101:01 / All) Dexanth: noo
(101:02 / All) Dexanth: dont
(101:04 / All) Dexanth: that is his honor house
(101:06 / All) Dexanth: let him die first
(101:11 / All) Mata.: make it fast please
(101:36 / All) Dexanth: not even letting level 7
(101:43 / All) Mata.: man i told you to hurry up
(101:51 / All) Dexanth: You made me divine when you didnt turn around
(101:51 / All) Mata.: maybe now i change mind
(102:03 / All) Mata.: now what hu
(102:23 / All) Dexanth: Honor is his
(102:27 / All) Dexanth: dontg hit towers
(102:29 / All) Dexanth: they help you win
(102:41 / All) Dexanth: Lets see
(102:43 / All) Dexanth: I mined
(102:45 / All) Dexanth: My haus
(102:46 / All) Dexanth: tims haus
(102:50 / All) Dexanth: Greys haus
(102:53 / All) Dexanth: and the two expos in da trees
(103:04 / All) Mata.: towers are too slow at their job
(103:14 / All) Dexanth: What manner
(103:27 / All) Dexanth: Like i lost when I fought nonent
(103:30 / All) Dexanth: and had 8 tanks
(103:33 / All) Dexanth: against a million bats
(103:37 / All) Dexanth: and they blocked out his healing gward
(104:15 / All) Dexanth: Also when you were attacking
(104:17 / All) Dexanth: so did flagon
(104:20 / All) Mata.: i saw
(104:21 / All) Dexanth: That was no fun
(104:31 / All) Dexanth: I lsot so many towa trying to stop him iknstead of you
(104:41 / All) Dexanth: But I will take 2nd
(104:44 / All) Dexanth: because my human is bad
(104:46 / All) Mata.: that's all you getting!!
(105:33 / All) Mata.: did you cancel that scout
(105:39 / All) Dexanth: No creeps
(106:21 / All) Mata.: it is revealing you just fyi
(106:24 / All) Dexanth: I know
(106:27 / All) Dexanth: But this is towa game
(106:31 / All) Dexanth: find the farm time honored tradition
(106:33 / All) Dexanth: you know this
(106:35 / All) Mata.: clearly it is not manner game
(106:46 / All) Dexanth: That is why I am not trying to hide many farm
(106:54 / All) Dexanth: oh god peasant =(
(106:57 / All) Dexanth: All he wanted was to live